 Dungeon Crawl Stone Soup version 0.28.0-47-ge53b351184 (webtiles) character file.

Game seed: 8511396662122380934

110 Keeper01 the Sneak (level 4, 0/27 HPs)
             Began as a Vampire Brigand on May 10, 2022.
             Was an Initiate of Yredelemnul.
             Slain by an adder (1 damage)
             ... on level 4 of the Dungeon.
             The game lasted 00:13:39 (1753 turns).

Keeper01 the Sneak (Vampire Brigand)                Turns: 1753, Time: 00:13:40

Health: 0/27       AC:  2    Str: 10    XL:     4   Next: 61%
Magic:  4/4        EV: 12    Int: 13    God:    Yredelemnul [......]
Gold:   71         SH:  0    Dex: 17    Spells: 3/3 levels left

rFire   . . .      SeeInvis +   a - +2 dagger
rCold   + + .      Faith    .   (no shield)
rNeg    + + +      Spirit   .   b - +0 robe
rPois   ∞          Reflect  .   (no helmet)
rElec   .          Harm     .   f - scarf {repulsion}
rCorr   .          Rampage  .   (no gloves)
Will    .....                   (no boots)
Stlth   ++++++....              (no amulet)
HPRegen 0.00/turn               (no ring)
MPRegen 0.09/turn               (no ring)

@: flying, bloodless, inhibited regen, repel missiles
A: bloodless, fangs 3, see invisible, vampiric 2
a: Bat Form, Revivify, Renounce Religion, Recall Undead Harvest


You were on level 4 of the Dungeon.
You worshipped Yredelemnul.
Yredelemnul was noncommittal.
You visited 1 branch of the dungeon, and saw 4 of its levels.

You collected 71 gold pieces.

Inventory:

Hand Weapons
 a - a +2 dagger (weapon)
Missiles
 d - 5 poisoned darts (quivered)
 e - 2 curare-tipped darts
Armour
 b - a +0 robe (worn)
 c - a +0 cloak
 f - a scarf of repulsion (worn)
 h - an orb of guile
Wands
 n - a wand of paralysis (1)
Scrolls
 g - a scroll of holy word
 i - a scroll of torment {unknown}
 j - 2 scrolls of vulnerability {unknown}
 k - a scroll of immolation {unknown}
 l - a scroll of enchant armour {unknown}
 p - a scroll of silence {unknown}
Potions
 m - a potion of heal wounds {unknown}
 o - a potion of curing {unknown}


   Skills:
 + Level 2.5 Fighting
 + Level 3.0 Short Blades
 + Level 1.8 Throwing
 + Level 1.7 Dodging
 + Level 7.5 Stealth


You had 3 spell levels left.
You didn't know any spells.
Your spell library was empty.

Dungeon Overview and Level Annotations

Branches:
Dungeon (4/15)
 Temple: D:4-7

Altars:
Yredelemnul

Shops:
D:1 ?


Innate Abilities, Weirdness & Mutations

You do not regenerate when monsters are visible.
You are frail without blood (-20% HP).
You can heal yourself when you bite living creatures.
You are immune to poison.
You have razor-sharp teeth.
You have supernaturally acute eyesight. (SInv)
You are afflicted with vampirism and can become a bat while bloodless.


Message History

The adder is lightly wounded.
The iguana bites you but does no damage.
Your adder zombie closely misses the adder.
You hit the adder. Your bite misses the adder.
The adder is lightly wounded.
The adder bites you. The iguana closely misses you.
Your adder zombie misses the adder.
You hit the ball python but do no damage.
The ball python bites you. The ball python barely misses you.
The adder closely misses you.
Your adder zombie bites the adder.
The iguana barely misses you.
You hit the ball python.
You kill the ball python!
The adder bites you.
You completely miss the adder.
The adder is moderately wounded.
Your adder zombie bites the adder.
The iguana bites you. The adder bites you but does no damage.
Unknown command.
Throw: 6 darts (poison)
Press: ? - help, Q - select action, (/) - cycle Shift-Dir - straight line, f - iguana
Aim: an iguana (64% to hit)
You throw a poisoned dart.
The poisoned dart completely misses the iguana.
Your adder zombie barely misses the adder.
The adder barely misses you. The iguana bites you!
* * * LOW HITPOINT WARNING * * *
It was a potion of flight.
You feel very buoyant.
You fly up into the air.
The adder bites you.
* * * LOW HITPOINT WARNING * * *
Your adder zombie misses the adder.
The iguana barely misses you. The adder barely misses you.
Your adder zombie bites the adder.
The kobold hits you with a +0 club.
* * * LOW HITPOINT WARNING * * *
You hit the kobold.
The kobold is heavily wounded.
The iguana barely misses you. The adder bites you.
You die...
Yredelemnul claims you as an undead slave.

#....# .# #....#
..# #....#...# #
#....#...# #.
#...$....' #..
###.Z......#
#...#<#lS......#
#...'...@K..#
#...#.#######
.........
.........#
..........
####..#..##
#...... ...#..#


You could see an iguana, an adder (ally target), a kobold and a friendly adder
zombie.

Vanquished Creatures
  Ijyb (D:3)
  3 adders
  7 ball pythons
  2 endoplasms
  2 giant cockroaches
  2 goblins
  A hobgoblin (D:1)
  2 jackals (D:3)
  6 quokkas
  6 bats
  2 frilled lizards (D:1)
  4 kobolds (D:1)
  2 rats (D:1)
40 creatures vanquished.

Vanquished Creatures (collateral kills)
  An adder (D:3)
  A ball python (D:3)
  A bat (D:1)
  3 hobgoblins
  A jackal (D:3)
  A kobold (D:1)
8 creatures vanquished.

Vanquished Creatures (others)
  A ball python zombie (D:3)
  A hobgoblin zombie (D:3)
2 creatures vanquished.

Grand Total: 50 creatures vanquished

Notes
Turn   | Place    | Note
-------+----------+-------------------------------------------
     0 | D:1      | Keeper01 the Vampire Brigand began the quest for the Orb.
     0 | D:1      | Reached XP level 1. HP: 16/16 MP: 1/1
   105 | D:1      | Found a faded altar of an unknown god.
   115 | D:1      | Reached skill level 6 in Stealth
   160 | D:1      | Found Siruum's Magic Scroll Emporium.
   274 | D:1      | Reached XP level 2. HP: 22/22 MP: 2/2
   622 | D:1      | Prayed at the altar of an unknown god.
   622 | D:1      | Became a worshipper of Yredelemnul the Dark
   622 | D:1      | Reached * piety under Yredelemnul
   983 | D:2      | Gained mutation: You are afflicted with vampirism and can
                  | become a bat while bloodless. [Vampire growth]
   983 | D:2      | Reached XP level 3. HP: 27/27 MP: 3/3
  1324 | D:3      | Reached skill level 7 in Stealth
  1324 | D:3      | Reached XP level 4. HP: 33/34 MP: 4/4
  1459 | D:3      | Noticed Ijyb
  1484 | D:3      | Killed Ijyb
  1752 | D:4      | HP: 1/27 [kobold/+0 club (1)]
  1753 | D:4      | Slain by an adder

Illustrated notes

Levels and vault maps discovered:
D:1:      lemuel_arrival_river_ford, layout_basic, serial_shops,
          nicolae_diamond_shop, chequers_ecumenical_altar_island,
          corexii_item_surrounded_by_moat, minmay_indecisive_spiral
D:2:      layout_basic
D:3:      layout_rooms, serial_corexii_hall, corexii_hall_statues_x,
          corexii_hall_statues_s, uniq_ijyb
D:4:      layout_basic, kennysheep_mini_moat, nemelex_dance_club_becter,
          grunt_decor_one_mirror, minivault_4, corexii_checkpoint_a,
          minmay_bisected

Skill      XL: |  1  2  3  4 |
---------------+-------------+-----
Stealth        | 6 7 |  7.5
Fighting       | 2 |  2.5
Short Blades   | 3 |  3.0
Throwing       | |  1.8
Dodging        | |  1.7

Action                   |  1- 3 |  4- 6 || total
-------------------------+-------+-------++-------
Melee: Dagger            |    88 |    23 ||   111
       Bite              |     7 |     3 ||    10
       Punch             |     1 |       ||     1
Throw: Dart              |     1 |     4 ||     5
 Abil: Exsanguinate      |       |     1 ||     1
  Use: Scroll            |     2 |       ||     2
       Potion            |       |     2 ||     2
 Stab: Sleeping          |    11 |     1 ||    12
       Distracted        |       |     1 ||     1
Armor: Robe              |    27 |     3 ||    30
Dodge: Dodged            |    63 |    21 ||    84
